 Dungeon Crawl Stone Soup version 0.22.1-2-g9c5b331 (webtiles) character file.

530 Fang the Chopper (level 7, 0/44 HPs)
             Began as a Gargoyle Berserker on Dec 6, 2018.
             Was a Believer of Trog.
             Slain by a killer bee (6 damage)
             ... on level 7 of the Dungeon.
             The game lasted 00:03:13 (3532 turns).

Fang the Chopper (Gargoyle Berserker)               Turns: 3532, Time: 00:03:13

Health: 0/44       AC: 14    Str: 23    XL:     7   Next: 24%
Magic:  7/7        EV:  8    Int:  7    God:    Trog [**....]
Gold:   300        SH:  0    Dex:  9    Spells: 6/6 levels left

rFire    . . .     SeeInvis .   p - +0 war axe
rCold    . . .     Gourm    .   (no shield)
rNeg     + . .     Faith    .   i - +0 chain mail
rPois    ∞         Spirit   .   (no helmet)
rElec    +         Reflect  .   (no cloak)
rCorr    .         Harm     .   (no gloves)
MR       .....                  (no boots)
Stlth    ..........             (no amulet)
HPRegen  0.14/turn              (no ring)
MPRegen  0.10/turn              (no ring)

@: berserk cooldown, slowed, very slow
A: negative energy resistance 1, electricity resistance, unbreathing,
petrification resistance, rot immunity, AC +4
a: Berserk, Trog's Hand, Renounce Religion


You were on level 7 of the Dungeon.
You worshipped Trog.
Trog was pleased with you.
You were very hungry.

You visited 1 branch of the dungeon, and saw 5 of its levels.

You collected 300 gold pieces.

Inventory:

Hand Weapons
 p - a +0 war axe (weapon)
Armour
 i - a +0 chain mail (worn)
Wands
 a - a wand of disintegration (5)
Scrolls
 e - a scroll of noise {unknown}
 f - a scroll of immolation {unknown}
 g - 2 scrolls of fear {unknown}
 h - 2 scrolls of remove curse {unknown}
 l - 2 scrolls of fog {unknown}
 m - 3 scrolls of identify {unknown}
 n - a scroll of enchant armour {unknown}
 o - 2 scrolls of teleportation {unknown}
Potions
 b - a potion of flight {unknown}
 d - a potion of curing
 j - a potion of degeneration {unknown}
Comestibles
 c - 6 rations


   Skills:
 + Level 4.7 Fighting
 + Level 5.4 Axes
 + Level 4.6 Armour
 + Level 2.0 Dodging
 + Level 0.8 Stealth


You had 6 spell levels left.
You didn't know any spells.
Your spell library was empty.

Dungeon Overview and Level Annotations

Branches:
Dungeon (4/15)
 Temple: D:4-7

Altars:

Annotations:
D:4 1 runed door, onlghost's ghost, amateur OpHu


Innate Abilities, Weirdness & Mutations

You are resistant to torment.
Your stone body is resilient. (AC +4)
You are immune to poison.
You resist negative energy. (rN+)
You are resistant to electric shocks. (rElec)
You can survive without breathing.
You are immune to petrification.
You are immune to rotting.


Message History

You closely miss the killer bee.
The killer bee stings you but does no damage.
The killer bee completely misses you. The killer bee stings you.
* * * LOW HITPOINT WARNING * * *
Unknown command.
You miss the killer bee. You closely miss the killer bee.
You are no longer berserk.
You are exhausted.
You feel yourself slow down.
The killer bee stings you but does no damage. x2
The killer bee barely misses you.
The killer bee stings you but does no damage.
Unknown command.
Unknown command.
It was a potion of curing.
You feel better.
The killer bee stings you but does no damage.
The killer bee stings you.
* * * LOW HITPOINT WARNING * * *
The killer bee stings you.
You die...

##.## #.## ##.##
####..# ##.....##
#.......#
#...>....###
..........y###
.........#y@.### ####
#.......####...###..#
#......## ####....##
.###.## ##..## ##
##.## #..# #..# ##.#
#.#


You could see 2 killer bees.

Vanquished Creatures
  2 killer bees (D:7)
  3 electric eels (D:7)
  A crimson imp (D:7)
  A hound (D:7)
  Crazy Yiuf (D:3)
  3 worker ants
  A hound skeleton (D:7)
  4 gnolls (D:3)
  6 adders
  3 oozes
  2 worms (D:2)
  2 leopard geckos
  2 orcs
  4 goblins
  2 hobgoblins
  3 quokkas
  A ball python (D:2)
  7 bats
  3 frilled lizards
  5 kobolds
  3 rats
59 creatures vanquished.

Notes
Turn   | Place    | Note
-------+----------+-------------------------------------------
     0 | D:1      | Fang the Gargoyle Berserker began the quest for the Orb.
     0 | D:1      | Reached XP level 1. HP: 14/14 MP: 1/1
   109 | D:1      | Reached XP level 2. HP: 8/19 MP: 2/2
   376 | D:1      | Reached skill level 3 in Axes
  1097 | D:2      | Reached XP level 3. HP: 13/24 MP: 3/3
  1421 | D:2      | Reached ** piety under Trog
  1491 | D:2      | Reached XP level 4. HP: 24/29 MP: 4/4
  1756 | D:3      | Reached skill level 4 in Axes
  1763 | D:3      | Reached XP level 5. HP: 33/33 MP: 5/5
  2088 | D:3      | Found a runed door.
  2400 | D:3      | Noticed Crazy Yiuf
  2405 | D:3      | Killed Crazy Yiuf
  2449 | D:4      | Found a runed door.
  2560 | D:4      | Noticed onlghost's ghost (amateur OpHu)
  2701 | D:4      | You fall through a shaft for 3 floors!
  2726 | D:7      | Reached XP level 6. HP: 34/38 MP: 6/6
  3052 | D:7      | Reached skill level 5 in Axes
  3328 | D:7      | Reached XP level 7. HP: 28/44 MP: 7/7
  3530 | D:7      | HP: 1/66 [killer bee (4)]
  3532 | D:7      | Slain by a killer bee

Skill      XL: |  1  2  3  4  5  6 |
---------------+-------------------+-----
Axes           | 3 4 5 |  5.4
Fighting       | 4 |  4.7
Armour         | 3 4 |  4.6
Dodging        | 2 |  2.0
Stealth        | |  0.8

Action                   |  1- 3 |  4- 6 |  7- 9 || total
-------------------------+-------+-------+-------++-------
Melee: Hand axe          |   103 |   103 |       ||   206
       War axe           |       |    50 |    27 ||    77
Invok: Berserk           |       |     2 |     1 ||     3
  Use: Potion            |       |       |     1 ||     1
 Stab: Sleeping          |     1 |       |       ||     1
  Eat: Chunk             |     2 |     8 |       ||    10
Armor: Animal skin       |     8 |       |       ||     8
       Chain mail        |    62 |    91 |    51 ||   204
Dodge: Dodged            |    49 |    57 |    33 ||   139
